 Dungeon Crawl Stone Soup version 0.29-a0-330-g52719c12eb (webtiles) character file.

Game seed: 756579991885517992

189865 WLBjork the Executioner (level 18, -2/180 HPs)
             Began as a Hill Orc Monk on May 6, 2022.
             Was the Champion of Beogh.
             Engulfed by a swamp dragon's poison gas (7 damage)
             ... called by a spriggan druid
             ... while paralysed by a fenstrider witch
             ... on level 4 of the Swamp on May 8, 2022.
             The game lasted 02:52:31 (38795 turns).

WLBjork the Executioner (Hill Orc Monk)            Turns: 38795, Time: 02:52:31

Health: -2/180     AC: 34    Str: 22    XL:     18   Next: 14%
Magic:  27/27      EV:  2    Int: 10    God:    Beogh [******]
Gold:   3871       SH:  0    Dex: 21    Spells: 17/17 levels left

rFire   + + .      SeeInvis .   a - +9 broad axe of Punishment {vorpal, Dex+3}
rCold   + . .      Faith    .   r - +4 kite shield {AC+3}
rNeg    . . .      Spirit   .   g - +6 plate armour of Zyiptoig {rF++}
rPois   .          Reflect  .   n - +1 helmet
rElec   .          Harm     .   Q - +2 cloak
rCorr   .          Rampage  .   (no gloves)
Will    +....                   e - +0 pair of boots
Stlth   ..........              p - amulet of regeneration
HPRegen 1.20/turn               s - ring of protection from cold
MPRegen 0.20/turn               A - ring "Ewkak" {Dex+5 Slay+4}

@: paralysed, lethally poisoned (-2 -> -43), slowed
A: walk on water
}: 1/15 runes: serpentine
a: Renounce Religion, Smiting, Recall Orcish Followers, Give Item to Named
Follower, Resurrection


You were on level 4 of the Swamp.
You worshipped Beogh.
Beogh was exalted by your worship.
You visited 5 branches of the dungeon, and saw 31 of its levels.
You also visited: Gauntlet.

You collected 4653 gold pieces.
You spent 782 gold pieces at shops.

Inventory:

Hand Weapons
 a - the +9 broad axe of Punishment (weapon) {vorpal, Dex+3}
   (You acquired it on level 6 of the Lair of Beasts)

   It inflicts extra damage upon your enemies.
   Dex:       It affects your dexterity (+3).
 b - a +6 vorpal spear
 V - the +1 whip "Zaur" {drain, Str+2 Dex-5 Stlth+}
   (You found it on level 13 of the Dungeon)

   A truly terrible weapon, it drains the life of any living foe it strikes.
   Str:       It affects your strength (+2).
   Dex:       It affects your dexterity (-5).
   Stlth:     It makes you more stealthy.
Missiles
 L - 7 silver javelins (quivered)
Armour
 e - a +0 pair of boots (worn)
 g - the +6 plate armour of Zyiptoig (worn) {rF++}
   (You found it on level 3 of the Dungeon)

   rF:        It greatly protects you from fire.
 n - a +1 helmet (worn)
 r - a +4 kite shield of protection (worn)
 Q - a +2 cloak (worn)
 T - the +1 robe "Duruj" {Drain +Blink Will+ Slay+5}
   (You bought it in a shop on level 2 of the Orcish Mines)

   Slay:      It affects your accuracy & damage with ranged weapons and melee
   (+5).
   +Blink:    It lets you blink.
   Drain:     It drains your maximum health when unequipped.
   Will:      It increases your willpower.
 Z - the +1 ring mail "Carpho Suadi" {SInv}
   (You found it on level 3 of the Swamp)

   SInv:      It lets you see invisible.
Jewellery
 i - a ring of see invisible
 p - an amulet of regeneration (around neck)
 s - a ring of protection from cold (left hand)
 u - a +6 ring of intelligence
 A - the ring "Ewkak" (right hand) {Dex+5 Slay+4}
   (You found it in a Gauntlet)

   [ring of slaying]

   Dex:       It affects your dexterity (+5).
   Slay:      It affects your accuracy & damage with ranged weapons and melee
   (+4).
 O - a ring of positive energy
 U - an amulet of the acrobat
 W - a +4 ring of protection
Wands
 l - a wand of digging (6)
 x - a wand of flame (28)
 E - a wand of iceblast (24)
 H - a wand of mindburst (10)
 J - a wand of charming (2)
 M - a wand of paralysis (11)
 N - a wand of acid (11)
Scrolls
 d - 8 scrolls of fear
 f - 2 scrolls of blinking
 j - 11 scrolls of identify
 k - 17 scrolls of teleportation
 t - a scroll of brand weapon
 v - 3 scrolls of amnesia
 y - 3 scrolls of fog
 B - a scroll of holy word
 R - 2 scrolls of magic mapping
 S - 2 scrolls of silence
 X - a scroll of acquirement
Potions
 c - 5 potions of haste
 h - 13 potions of curing
 m - 2 potions of resistance
 o - 6 potions of mutation
 q - 3 potions of heal wounds
 w - 5 potions of berserk rage
 z - 4 potions of flight
 C - 9 potions of lignification
 D - 6 potions of might
 F - 2 potions of cancellation
 G - 4 potions of brilliance
 I - 6 potions of ambrosia
 K - 3 potions of invisibility
Miscellaneous
 P - a phantom mirror
 Y - a lightning rod (4/4)


   Skills:
 + Level 20.4 Fighting
 + Level 22.0 Axes
 + Level 16.8 Armour
 - Level 2.4 Dodging
 - Level 1.5 Stealth
 + Level 12.8 Shields
 + Level 13.3 Invocations


You had 17 spell levels left.
You didn't know any spells.
Your spell library contained the following spells:

 Spells                   Type           Power      Damage    Failure   Level
 Freeze                   Ice            0%         1d3       99%         1
 Pain                     Necr           0%         1d4       99%         1
 Slow                     Hex            0%         N/A       99%         1
 Blink                    Tloc           0%         N/A       100%        2
 Call Imp                 Summ           0%         N/A       100%        2
 Corpse Rot               Necr/Air       0%         N/A       100%        2
 Static Discharge         Conj/Air       0%         N/A       100%        2
 Call Canine Familiar     Summ           0%         N/A       100%        3
 Confusing Touch          Hex            0%         N/A       100%        3
 Conjure Flame            Conj/Fire      0%         6-21      100%        3
 Gell's Gravitas          Tloc           0%         N/A       100%        3
 Ignite Poison            Fire/Tmut/Pois 0%         N/A       100%        3
 Lesser Beckoning         Tloc           0%         N/A       100%        3
 Portal Projectile        Hex/Tloc       0%         N/A       100%        3
 Teleport Other           Tloc           0%         N/A       100%        3
 Tukima's Dance           Hex            0%         N/A       100%        3
 Vampiric Draining        Necr           0%         2d6       100%        3
 Animate Dead             Necr           0%         N/A       100%        4
 Dispel Undead            Necr           0%         3d6       100%        4
 Leda's Liquefaction      Hex/Erth       0%         N/A       100%        4
 Passage of Golubria      Tloc           0%         N/A       100%        4
 Sticky Flame             Conj/Fire      0%         2d3       100%        4
 Summon Ice Beast         Ice/Summ       0%         N/A       100%        4
 Agony                    Necr           0%         N/A       100%        5
 Blade Hands              Tmut           0%         N/A       100%        5
 Borgnjor's Vile Clutch   Necr/Erth      0%         N/A       100%        5
 Excruciating Wounds      Necr           0%         N/A       100%        5
 Freezing Cloud           Conj/Ice/Air   0%         6-21      100%        5
 Lee's Rapid Deconstruct  Erth           0%         3d5*      100%        5
 Manifold Assault         Tloc           0%         N/A       100%        5
 Silence                  Hex/Air        0%         N/A       100%        5
 Summon Forest            Summ/Tloc      0%         N/A       100%        5
 Yara's Violent Unravell  Hex/Tmut       0%         3d3       100%        5
 Death Channel            Necr           0%         N/A       100%        6
 Statue Form              Tmut/Erth      0%         N/A       100%        6
 Enfeeble                 Hex            0%         N/A       100%        7
 Lehudib's Crystal Spear  Conj/Erth      0%         10d2      100%        8
 Necromutation            Tmut/Necr      0%         N/A       100%        8
 Summon Horrible Things   Summ           0%         N/A       100%        8


Dungeon Overview and Level Annotations

Branches:
Dungeon (15/15)            Temple (0/1) D:5            Lair (6/6) D:11
  Swamp (4/4) Lair:4        Snake (4/4) Lair:2        Slime (0/5) Lair:5
    Orc (2/2) D:10            Elf (0/3) Orc:2        Vaults (0/5) D:14
 Depths (0/4) D:15        Gauntlet (visited)

Altars:
Ashenzari
Cheibriados
Elyvilon
Fedhas
Hepliaklqana
Nemelex Xobeh
Okawaru
Qazlal
Ru
Sif Muna
Trog
Uskayaw
Vehumet
Xom
Jiyva

Shops:
D:2 =   D:8 (   D:9 (   Orc:2 [:**   Snake:2 !

Portals:
Pandemonium: Orc:2

Annotations:
D:6 1 runed translucent door
D:9 exclusion: statue


Message History

You are engulfed in freezing vapours.
You resist.
You fester in the toxic bog!
You are more poisoned.
You feel extremely sick.
You block the fenstrider witch's attack. x2
Bogbarth is engulfed in freezing vapours.
You slice the fenstrider witch!!
The fenstrider witch is almost dead.
You feel extremely sick. The fenstrider witch hits you!
You block the fenstrider witch's attack.
Unknown command.
You feel extremely sick.
The fenstrider witch casts a spell at you.
You suddenly lose the ability to move!
A swamp dragon comes into view.
The swamp dragon breathes poison at you.
The bog body points at you and mumbles some strange words.
You feel yourself slow down.
You are engulfed in poison gas.
You are more poisoned.
You feel extremely sick.
The swamp dragon roars deafeningly!
The bog body barely misses you.
The fenstrider witch casts a spell at you.
Your body is wracked with pain!
* * * LOW HITPOINT WARNING * * *
You are engulfed in poison gas.
You are more poisoned.
* * * LOW HITPOINT WARNING * * *
x2 You feel extremely sick.
A swamp dragon comes into view.
Bogdan is engulfed in poison gas.
Bogdan is poisoned.
Bogdan misses the fenstrider witch.
The fenstrider witch hits you but does no damage.
The fenstrider witch completely misses you.
The bog body touches you but does no damage.
You are engulfed in poison gas.
You are more poisoned.
You die...

≈.≈≈ ≈≈.... §≈≈..
♣☼.D ♣♣D≈♣♣♣♣
♣.○.♣≈≈♣♣♣♣♣
♣≈☼○o○≈...♣♣♣
♣.§Ho≈≈.<.D.♣
♣.☼@○≈≈.♣...≈♣
#§≈≈≈..≈n≈§≈#####≈..
###..#+#..### ≈ #..
≈.≈.≈# #.


PPPP(≈# # .n#..≈:# P.#..8.+ ≈..# You could see 3 swamp dragons, a fenstrider
witch (ally target), a bog body, the friendly Bogdan the orc warlord (strong,
poisoned) and the friendly Bogbarth the orc knight (strong).

Vanquished Creatures
  Vashnia (Snake:2)
  Mlioglotl (Snake:2)
  Roxanne (D:15)
  10 nagarajas (Snake:4)
  2 eleionomae
  A minotaur (Gauntlet)
  A shambling mangrove (Swamp:1)
  A fire dragon (Lair:6)
  14 naga warriors
  2 salamander tyrants (Snake:4)
  3 boulder beetles
  4 hydras
  A catoblepas (Lair:6)
  2 demonspawn (Orc:2)
  3 two-headed ogres
  7 anacondas
  3 alligators (Swamp:2)
  An ogre mage (D:12)
  2 centaur warriors
  3 death yaks
  16 naga sharpshooters
  3 tengu warriors
  6 shock serpents
  4 salamander mystics
  A sixfirhy (Orc:2)
  A death drake (Swamp:2)
  2 goliath frogs
  4 spriggan druids
  A deep troll (shapeshifter) (D:15)
  2 bog bodies
  3 swamp dragons
  7 naga ritualists
  2 glowing orange brains (Gauntlet)
  An orc knight (Orc:2)
  An orc sorcerer (Orc:2)
  8 mana vipers
  A deep elf pyromancer (D:13)
  17 ugly things
  11 salamanders
  5 cyclopes
  A manticore (D:13)
  A will-o-the-wisp (Swamp:3)
  A cyclops (shapeshifter) (D:15)
  4 elephants
  23 black mambas
  6 guardian serpents
  Maurice (D:11)
  A black mamba (shapeshifter) (D:14)
  13 naga magi
  A smoke demon (Gauntlet)
  4 cane toads
  A gargoyle (D:12)
  3 rime drakes
  A yaktaur (D:9)
  8 komodo dragons
  A tengu conjurer (D:9)
  5 meliai
  2 hydra zombies (Swamp:2)
  3 trolls
  7 tyrant leeches
  3 hornets (Swamp:1)
  Grinder (D:4)
  16 slime creatures
  8 blink frogs
  A spriggan (Swamp:3)
  29 yaks
  3 wyverns
  The ghost of SlaveLabor the Covered, an amateur MiFi (D:3)
  2 shadows
  2 steam dragons
  8 vampire mosquitoes
  47 nagas
  3 wargs
  3 acid dragons
  9 swamp worms
  Edmund (D:4)
  10 water moccasins
  A meliai simulacrum (D:10)
  3 swamp drakes
  10 orc warriors
  An ice beast (D:4)
  4 black bears
  A sky beast (D:7)
  7 ogres
  7 wolves
  11 centaurs
  3 kobold brigands
  4 bullfrogs
  A gnoll sergeant (D:9)
  A scorpion (D:4)
  A necrophage (D:7)
  13 wights
  21 killer bees
  An electric eel (D:8)
  A vampire bat (Lair:2)
  5 howler monkeys
  2 crimson imps (Gauntlet)
  3 hounds (D:5)
  8 orc priests
  An iron imp (D:5)
  4 jellies
  A gnoll shaman (D:9)
  4 hell rats
  4 iguanas
  4 orc wizards
  2 centaur simulacra
  Robin (D:3)
  8 gnolls (D:9)
  5 adders
  A howler monkey simulacrum (D:7)
  A white imp (D:7)
  3 worms
  2 dart slugs
  33 orcs
  8 ball pythons
  8 endoplasms
  5 giant cockroaches
  17 goblins
  10 hobgoblins
  3 jackals (D:1)
  6 quokkas
  10 bats
  2 frilled lizards
  18 kobolds
  15 rats
678 creatures vanquished.

Vanquished Creatures (collateral kills)
  Rupert (Lair:6)
  2 nagarajas (Snake:4)
  A very ugly thing (D:15)
  An eleionoma (Swamp:3)
  A bunyip (Swamp:1)
  A salamander tyrant (Snake:4)
  5 boulder beetles
  A ghost crab (Swamp:2)
  3 naga warriors (Snake:4)
  Harold (D:10)
  4 centaur warriors
  10 hydras
  A catoblepas (D:15)
  A demonspawn (Orc:2)
  2 alligators
  2 two-headed ogres (D:12)
  The ghost of Pukecob the Thaumaturge, a journeyman DECj of Vehumet (Lair:3)
  4 death yaks (Lair:6)
  2 orc high priests (Orc:2)
  The ghost of kobe the Fighter, a novice OgAr of Okawaru (D:7)
  3 naga sharpshooters
  2 sun demons (Orc:2)
  A shock serpent (Snake:1)
  A skeletal warrior (D:13)
  3 goliath frogs
  A glowing orange brain (D:15)
  2 bog bodies
  A spriggan druid (Swamp:1)
  An orc knight (Orc:2)
  10 ugly things (D:15)
  An orc sorcerer (Orc:2)
  A cyclops (D:13)
  4 elephants
  A will-o-the-wisp (Swamp:3)
  4 salamanders
  4 guardian serpents
  A manticore (D:13)
  An eye of devastation (shapeshifter) (D:14)
  7 black mambas
  5 naga magi
  5 cane toads
  The ghost of initializr the Covert, a novice SpEn (D:6)
  2 komodo dragons
  2 kobold demonologists
  2 tengu conjurers (D:14)
  A hydra zombie (Swamp:2)
  A hellwing (Orc:2)
  A troll (Orc:1)
  A meliai (Lair:6)
  A hornet (Swamp:3)
  3 tyrant leeches
  A polar bear (Lair:6)
  A queen bee (Lair:6)
  5 blink frogs
  2 slime creatures
  A jumping spider (shapeshifter) (D:14)
  24 yaks
  A vampire (D:14)
  4 basilisks
  A centaur simulacrum (D:13)
  A wraith (D:14)
  2 steam dragons (Lair:6)
  4 vampire mosquitoes
  2 wargs
  2 swamp worms
  An acid dragon (Lair:6)
  4 nagas
  6 water moccasins
  4 orc warriors
  A swamp drake (Lair:6)
  2 black bears (D:11)
  2 ogres (Orc:2)
  15 wolves
  4 centaurs
  4 bullfrogs
  2 wyvern skeletons (D:7)
  6 killer bees
  A howler monkey (D:13)
  A spectral centaur (D:7)
  6 orc priests (Orc:2)
  5 hell rats
  2 iguanas (Lair:6)
  An orc wizard (D:12)
  A gnoll (D:9)
  7 orcs
  A ball python (D:6)
  2 bats (Lair:2)
  2 kobolds (D:10)
  A bush (D:10)
  2 plants (D:11)
253 creatures vanquished.

Vanquished Creatures (others)
  An eleionoma (Swamp:3)
  An orc high priest (Orc:2)
  A deep elf pyromancer (D:13)
  5 orc knights
  3 orc sorcerers (Orc:2)
  A manticore (D:13)
  2 bloated husks
  A naga (Snake:4)
  10 orc warriors
  A phantom (D:5)
  18 orc priests
  4 orc wizards
  27 orcs
  8 foxfires (Swamp:3)
  100 fungi
  92 plants
275 creatures vanquished.

Grand Total: 1206 creatures vanquished

Notes
Turn   | Place    | Note
-------+----------+-------------------------------------------
     0 | D:1      | WLBjork the Hill Orc Monk began the quest for the Orb.
     0 | D:1      | Reached XP level 1. HP: 19/19 MP: 1/1
   267 | D:1      | Reached XP level 2. HP: 27/27 MP: 2/2
   404 | D:1      | Found a faded altar of an unknown god.
   414 | D:1      | Got Plato's Catalogue of Ice
   671 | D:1      | Reached XP level 3. HP: 29/34 MP: 3/3
  1296 | D:1      | Reached skill level 5 in Axes
  1729 | D:2      | Reached XP level 4. HP: 41/41 MP: 4/4
  2227 | D:2      | Found Qaeffoli's Jewellery Shop.
  2285 | D:2      | Reached skill level 5 in Fighting
  2337 | D:3      | Noticed Robin
  2579 | D:3      | Killed Robin
  2647 | D:3      | You fall into a shaft and drop 3 floors!
  2763 | D:6      | Reached XP level 5. HP: 47/48 MP: 5/5
  2904 | D:6      | Found a runed translucent door.
  2906 | D:6      | Noticed initializr's ghost (novice SpEn)
  2916 | D:5      | Entered Level 5 of the Dungeon
  2948 | D:5      | Reached skill level 6 in Axes
  3063 | D:4      | Noticed an ice beast
  3096 | D:4      | Killed an ice beast
  3097 | D:4      | Reached skill level 7 in Axes
  3097 | D:4      | Reached XP level 6. HP: 36/58 MP: 6/6
  3180 | D:3      | Found a sparkling altar of Nemelex Xobeh.
  3647 | D:3      | Found a runed translucent door.
  3647 | D:3      | Noticed SlaveLabor's ghost (amateur MiFi)
  4392 | D:4      | Noticed Grinder
  4433 | D:4      | Paralysed by Grinder for 4 turns
  4441 | D:4      | HP: 2/58 [Grinder (5)]
  4443 | D:4      | Paralysed by Grinder for 2 turns
  4448 | D:4      | Paralysed by Grinder for 4 turns
  4456 | D:4      | Killed Grinder
  4457 | D:4      | Reached skill level 8 in Axes
  4457 | D:4      | Reached XP level 7. HP: 7/66 MP: 7/7
  4605 | D:4      | Noticed Edmund
  4826 | D:5      | Became a worshipper of Beogh the Brigand
  4826 | D:5      | Reached * piety under Beogh
  4826 | D:5      | Reached ** piety under Beogh
  5013 | D:5      | Found a staircase to the Ecumenical Temple.
  5380 | D:5      | Found a snail-covered altar of Cheibriados.
  5388 | D:5      | Reached skill level 9 in Axes
  5657 | D:6      | Reached XP level 8. HP: 38/75 MP: 8/8
  5721 | D:6      | Found a runed translucent door.
  5830 | D:6      | Found a hide-covered altar of Uskayaw.
  6401 | D:7      | Reached skill level 10 in Axes
  6419 | D:7      | Found a blossoming altar of Fedhas.
  6909 | D:7      | Reached skill level 10 in Fighting
  7107 | D:7      | Reached skill level 11 in Axes
  7107 | D:7      | Reached XP level 9. HP: 85/85 MP: 9/9
  7151 | D:7      | Reached skill level 1 in Armour
  7272 | D:7      | Found a runed translucent gate.
  7272 | D:7      | Found a runed translucent gate.
  7273 | D:7      | Found a runed translucent gate.
  7274 | D:7      | Noticed kobe's ghost (novice OgAr)
  7480 | D:7      | Found a shimmering altar of Xom.
  7482 | D:7      | Found a hazy altar of Hepliaklqana.
  7722 | D:7      | Noticed a spectral ugly thing
  7944 | D:3      | Killed SlaveLabor's ghost
  7951 | D:3      | Identified the +6 plate armour of Zyiptoig {rF++}
  8077 | D:4      | Killed Edmund
  8439 | D:8      | Reached *** piety under Beogh
  8472 | D:8      | Reached skill level 12 in Axes
  8552 | D:8      | Found a sacrificial altar of Ru.
  9078 | D:8      | Reached skill level 5 in Armour
  9078 | D:8      | Reached XP level 10. HP: 63/96 MP: 10/10
  9618 | D:9      | Noticed a two-headed ogre
  9625 | D:9      | Killed a two-headed ogre
  9626 | D:9      | Reached skill level 13 in Axes
 10040 | D:9      | Found a broken altar of Ashenzari.
 10042 | D:9      | Found a shimmering blue altar of Sif Muna.
 10216 | D:9      | Reached **** piety under Beogh
 10257 | D:9      | Noticed a two-headed ogre
 10257 | D:9      | Noticed a centaur warrior
 10263 | D:9      | Killed a centaur warrior
 10264 | D:9      | Reached skill level 14 in Axes
 10264 | D:9      | Reached XP level 11. HP: 93/107 MP: 11/11
 10268 | D:9      | Killed a two-headed ogre
 10281 | D:9      | Got Qereoj's Incunabulum of Hurtful Feathers
 10357 | D:9      | Found Selummol's Antique Weapon Shop.
 10360 | D:9      | Noticed a five-headed hydra
 10369 | D:9      | Killed a seven-headed hydra
 10400 | D:9      | Bought a shimmering broad axe for 261 gold pieces
 10400 | D:9      | Identified the +2 broad axe of the Unstoppable Yaks
                  | {vorpal, Str+5} (You bought it in a shop on level 9 of the
                  | Dungeon)
 10507 | D:9      | Found a radiant altar of Vehumet.
 10720 | D:9      | Found a stormy altar of Qazlal.
 10760 | D:10     | Entered Level 10 of the Dungeon
 10920 | D:10     | Found a staircase to the Orcish Mines.
 11251 | D:10     | Noticed Harold
 11255 | D:10     | Killed Harold
 11582 | D:10     | Found a white marble altar of Elyvilon.
 11744 | D:11     | Noticed a cyclops
 11757 | D:11     | Killed a cyclops
 11757 | D:11     | Gained Syrus as an ally
 11882 | D:11     | Found a staircase to the Lair.
 11894 | D:11     | Reached skill level 15 in Axes
 11910 | D:11     | Noticed a cyclops
 11918 | D:11     | Killed a cyclops
 11951 | D:11     | Noticed Maurice
 11966 | D:11     | Killed Maurice
 12004 | D:11     | Identified the +0 chain mail "Jereul" {rPois rCorr Str-3
                  | Int-2}
 12216 | D:11     | Noticed a two-headed ogre
 12221 | D:11     | Killed a two-headed ogre
 12296 | Lair:1   | Entered Level 1 of the Lair of Beasts
 12306 | Lair:1   | Reached ***** piety under Beogh
 12349 | Lair:1   | Identified a scroll of acquirement
 12352 | Lair:1   | Acquired 585 gold pieces
 12388 | Lair:1   | Reached XP level 12. HP: 118/118 MP: 12/12
 12401 | Lair:1   | Reached skill level 10 in Armour
 12691 | Lair:1   | Reached skill level 16 in Axes
 12889 | Lair:2   | Found a staircase to the Snake Pit.
 12915 | Lair:2   | Reached skill level 15 in Fighting
 12939 | Lair:2   | Found an iron altar of Okawaru.
 12947 | Lair:2   | Noticed a boulder beetle
 12957 | Lair:2   | Killed a boulder beetle
 12981 | Lair:2   | Found a gate leading to a gauntlet.
 12994 | Gauntlet | Entered a Gauntlet
 12994 | Gauntlet | Found a transporter.
 12994 | Gauntlet | Found a transporter.
 12994 | Gauntlet | Found a transporter.
 13018 | Gauntlet | Found a transporter.
 13037 | Gauntlet | Found a transporter.
 13040 | Gauntlet | Found a transporter.
 13057 | Gauntlet | Found a transporter.
 13072 | Gauntlet | Noticed a wretched star
 13075 | Gauntlet | Found a transporter.
 13077 | Gauntlet | Found the ring of the Tortoise {AC+8}
 13090 | Gauntlet | Found a transporter.
 13093 | Gauntlet | Found a transporter.
 13093 | Gauntlet | Noticed a soul eater
 13111 | Gauntlet | Found a transporter.
 13114 | Gauntlet | Found a transporter.
 13336 | Gauntlet | Identified the ring "Ewkak" {Dex+5 Slay+4}
 13360 | Gauntlet | Noticed a minotaur
 13377 | Gauntlet | Killed a minotaur
 13582 | Lair:2   | Noticed a boulder beetle
 13590 | Lair:2   | Killed a boulder beetle
 13591 | Lair:2   | Reached skill level 17 in Axes
 13780 | Lair:2   | Reached skill level 1 in Shields
 13967 | Lair:2   | Reached XP level 13. HP: 119/128 MP: 13/13
 14455 | Lair:3   | Found a runed translucent gate.
 14456 | Lair:3   | Found a runed translucent gate.
 14456 | Lair:3   | Found a runed translucent gate.
 14901 | Lair:3   | Noticed Pukecob's ghost (journeyman DECj)
 14907 | Lair:3   | Killed Pukecob's ghost
 15319 | Lair:4   | Reached ****** piety under Beogh
 15439 | Lair:4   | Found a staircase to the Swamp.
 15907 | Lair:5   | Found a staircase to the Slime Pits.
 15907 | Lair:5   | Found a viscous altar of Jiyva.
 16366 | Lair:5   | Reached skill level 18 in Axes
 16866 | Lair:6   | Entered Level 6 of the Lair of Beasts
 16871 | Lair:6   | Reached skill level 5 in Shields
 17052 | Lair:6   | Noticed Rupert
 17056 | Lair:6   | Paralysed by Rupert for 3 turns
 17063 | Lair:6   | Killed Rupert
 17101 | Lair:6   | Reached XP level 14. HP: 136/138 MP: 14/14
 17181 | Lair:6   | Reached skill level 1 in Invocations
 17377 | Lair:6   | Gained Ugbert as an ally
 17419 | Lair:6   | Acquired the +9 broad axe of Punishment {vorpal, Dex+3}
 18253 | Orc:1    | Entered Level 1 of the Orcish Mines
 18414 | Orc:2    | Entered Level 2 of the Orcish Mines
 18541 | Orc:2    | Found a staircase to the Elven Halls.
 18565 | Orc:2    | Found Imer's General Store.
 18567 | Orc:2    | Found Onar's General Store.
 18684 | Orc:2    | Found Paletedai's Book Shoppe.
 18684 | Orc:2    | Found a one-way gate leading to the halls of Pandemonium.
 18684 | Orc:2    | Found Huvyawn's Antique Armour Emporium.
 18700 | Orc:2    | Bought a heavily jewelled robe for 171 gold pieces
 18700 | Orc:2    | Identified the +1 robe "Duruj" {Drain +Blink Will+ Slay+5}
                  | (You bought it in a shop on level 2 of the Orcish Mines)
 19266 | Orc:2    | Reached skill level 19 in Axes
 20672 | D:7      | Killed kobe's ghost
 20885 | D:6      | Killed initializr's ghost
 22745 | D:12     | Gained Morbeogh as an ally
 22772 | D:12     | Reached skill level 5 in Invocations
 24280 | D:13     | Identified the +1 whip "Zaur" {drain, Str+2 Dex-5 Stlth+}
 24501 | D:13     | Reached XP level 15. HP: 147/149 MP: 19/19
 24793 | D:13     | Acquired 1052 gold pieces
 26100 | D:14     | Found a blossoming altar of Fedhas.
 26125 | D:14     | Found a gate to the Vaults.
 26751 | D:15     | Entered Level 15 of the Dungeon
 26836 | D:15     | Noticed Roxanne
 27378 | D:15     | Identified the +0 ring mail "Luuf Kiu" {Regen+ Str+3 Int+3}
 27866 | D:15     | Found a staircase to the Depths.
 27944 | D:15     | Killed Roxanne
 27945 | D:15     | Reached skill level 20 in Axes
 28433 | Snake:1  | Entered Level 1 of the Snake Pit
 29240 | Snake:1  | Reached XP level 16. HP: 159/159 MP: 22/22
 29321 | Snake:1  | Reached skill level 10 in Shields
 29873 | Snake:2  | Reached skill level 15 in Armour
 30214 | Snake:2  | Noticed Mlioglotl
 30232 | Snake:2  | Noticed a tentacled starspawn
 30232 | Snake:2  | Killed Mlioglotl
 30236 | Snake:2  | HP: 5/159 [naga/+0 battleaxe (18)]
 30241 | Snake:2  | HP: 6/159 [poisoned by a naga (splash of poison)]
 30592 | Snake:2  | Reached skill level 10 in Invocations
 30816 | Snake:2  | Found Xuraf's Distillery.
 30820 | Snake:2  | Bought a potion of curing for 42 gold pieces
 30820 | Snake:2  | Bought 2 potions of curing for 84 gold pieces
 30820 | Snake:2  | Bought 2 potions of heal wounds for 140 gold pieces
 30820 | Snake:2  | Bought a potion of curing for 42 gold pieces
 30820 | Snake:2  | Bought a potion of curing for 42 gold pieces
 30963 | Snake:2  | Noticed Vashnia
 30991 | Snake:2  | Gained Bogward as an ally
 31001 | Snake:2  | Your ally Bogward died
 31023 | Snake:2  | HP: 8/160 [Vashnia/arrow (5)]
 31024 | Snake:2  | HP: 1/160 [Vashnia/arrow (15)]
 31749 | Snake:2  | Killed Vashnia
 32342 | Snake:3  | Reached skill level 21 in Axes
 33065 | Snake:4  | Entered Level 4 of the Snake Pit
 33179 | Snake:4  | Reached XP level 17. HP: 158/168 MP: 25/25
 33651 | Snake:4  | Gained Bogdan as an ally
 33658 | Snake:4  | Your ally Bogdan died
 33659 | Snake:4  | HP: 7/168 [poisoned by a nagaraja (bolt of poison)]
 33984 | Snake:4  | Got a serpentine rune of Zot
 34480 | Snake:4  | Your ally Bogdan died
 35184 | Snake:4  | Found a bloodstained altar of Trog.
 36076 | Swamp:1  | Entered Level 1 of the Swamp
 36126 | Swamp:1  | Gained Bogbarth as an ally
 37595 | Swamp:2  | Reached XP level 18. HP: 163/178 MP: 27/27
 37836 | Swamp:2  | Got Oschoeroc's Tome of Reanimation Made Easy
 38014 | Swamp:3  | Identified the +1 ring mail "Carpho Suadi" {SInv}
 38083 | Swamp:3  | Reached skill level 22 in Axes
 38204 | Swamp:3  | Got Dispater's Guide on Illusion
 38780 | Swamp:4  | Entered Level 4 of the Swamp
 38792 | Swamp:4  | Paralysed by a fenstrider witch for 6 turns
 38794 | Swamp:4  | HP: 5/180 [poisoned by a swamp dragon (poison gas)]
 38795 | Swamp:4  | Engulfed by a swamp dragon's poison gas

Illustrated notes

Levels and vault maps discovered:
D:1:      evilmike_arrival_crescent, layout_basic,
          shapermc_ecumenical_altar_rom_forum, minmay_octomino_c4
D:2:      layout_basic, serial_shops, shop
D:3:      layout_loops_ring, nemelex_xobeh_ov_fountains_minmay,
          ebering_ghost_inner_flame, uniq_robin
D:4:      layout_loops_cross, dk_vineyard_3, uniq_edmund, uniq_grinder
D:5:      layout_loops_ring, slow_altar_2, minmay_temple_entry_butterflies
D:6:      layout_basic, nicolae_uskayaw_suspiria, ebering_ghost_sewer_f,
          minmay_misc_feat_more_columns
D:7:      layout_basic, regret_index_temple_of_mockery, general_overflow_altar,
          gammafunk_ghost_necromancy, palyth_stone_intersect
D:8:      layout_cave_pods, nicolae_ru_great_annihilating_truth, fountainhead
D:9:      nzn_winding_woodlands_small [nzn_winding_woodlands_5x15_parted,
          nzn_winding_woodlands_center_lodge,
          nzn_winding_woodlands_5x15_zeroes], layout_loops_ring, vehumet_statue,
          mainiacjoe_overflow_catwalk_spiral, kennysheep_mini, serial_shops,
          nicolae_stop_n_shop_1, nrook_loot_triangle
D:10:     layout_basic, mainiacjoe_overflow_cross_hatched, david_orc_1_choice,
          uniq_harold
D:11:     layout_roguey, due_lair_maze_entry_diamond, uniq_maurice
D:12:     layout_layer_cave
D:13:     layout_irregular_city, minivault_26, minmay_hollow_rounded_squares
D:14:     layout_basic, david_vaults_2, fedhas_altar_3
D:15:     gammafunk_enter_depths_forms, layout_cave_pods,
          chequers_serial_rivers_micro_c, lightli_corner_chamber, uniq_roxanne
Lair:1:   layout_concentric_octagons, grunt_megastairs_3
Lair:2:   layout_regular_city, guppyfry_snake_entry_island, basic_altar,
          gauntlet_entry_generic, roderic_batcave,
          chequers_serial_rivers_large_b, lemuel_fruit_tree
Lair:3:   layout_chaotic_city, ebering_ghost_rock_garden
Lair:4:   layout_concentric_octagons, minmay_swamp_entry_swarm,
          lookout_lair_type, grunt_megastairs_1
Lair:5:   layout_roguey, slime_altar_1, st_stairs_9, grunt_forest_stairs_basic,
          nicolae_quartered_pool_impasse, chequers_serial_rivers_micro_b,
          hangedman_lair_unloving_vines
Lair:6:   guppyfry_lair_end_dragon, layout_small_grid, special_room
          [special_room_bee], uniq_rupert
Swamp:1:  layout_falls_marsh, hangedman_swamp_ruin_wall
Swamp:2:  layout_falls_marsh, serial_swamp_ruin, evilmike_swamp_ruin_rubble_2,
          evilmike_swamp_ruin_house_5, swamp_pool1,
          nicolae_swamp_necromancy_gone_wrong
Swamp:3:  layout_basic_swamp, evilmike_swamp_ruin_rubble_1
Swamp:4:  grunt_swamp_rune_castle, layout_basic_swamp
Snake:1:  layout_gridlike, grunt_megastairs_4
Snake:2:  layout_cave_shapes, drop_trap, minmay_shop_star, uniq_mlioglotl,
          uniq_vashnia
Snake:3:  layout_honeycomb
Snake:4:  grunt_snake_rune_spirals, layout_onion_interference, basic_altar
Orc:1:    layout_caves, guppyfry_library_mini
Orc:2:    pf_orc_diabolical, layout_caves

Skill      XL: |  1  2  3  4  5  6  7  8  9 10 11 12 13 14 15 16 17 18 |
---------------+-------------------------------------------------------+-----
Fighting       | 4 5 6 7 8 10 11 13 14 15 16 17 18 19 20 | 20.4
Axes           | 5 7 8 9 11 12 14 15 17 18 19 20 21 22 | 22.0
Armour         | 5 7 9 11 12 13 14 15 16 | 16.8
Shields        | 1 5 8 9 11 12 | 12.8
Invocations    | 6 9 11 13 | 13.3
Dodging        | |  2.4
Stealth        | |  1.5

Action                   |  1- 3 |  4- 6 |  7- 9 | 10-12 | 13-15 | 16-18 || total
-------------------------+-------+-------+-------+-------+-------+-------++-------
Melee: Hand axe          |   120 |   267 |   467 |       |       |       ||   854
       Punch             |     1 |     3 |     3 |       |       |       ||     7
       War axe           |       |       |    14 |     3 |       |       ||    17
       Battleaxe         |       |       |       |   101 |       |       ||   101
       Broad axe         |       |       |       |   229 |   638 |   651 ||  1518
       Halberd           |       |       |       |     5 |       |       ||     5
       Spear             |       |       |       |       |    34 |    18 ||    52
Throw: Javelin           |       |       |       |       |     2 |       ||     2
Invok: Convert to Beogh  |       |       |     1 |       |       |       ||     1
       Give Item to Name |       |       |       |       |     3 |     2 ||     5
       Smiting           |       |       |       |       |       |     3 ||     3
       Resurrection      |       |       |       |       |       |     2 ||     2
Evoke: Wand              |       |       |       |     5 |       |       ||     5
       Lightning rod     |       |       |       |       |       |     1 ||     1
  Use: Potion            |       |     7 |     1 |       |     6 |     8 ||    22
       Scroll            |       |       |    20 |     6 |    12 |     6 ||    44
 Stab: Sleeping          |     3 |       |       |       |       |       ||     3
       Paralysed         |       |       |     1 |       |       |       ||     1
       Distracted        |       |       |       |     5 |    13 |     9 ||    27
       Petrifying        |       |       |       |       |     2 |       ||     2
       Confused          |       |       |       |       |     2 |       ||     2
Armor: Robe              |    20 |       |       |       |       |       ||    20
       Scale mail        |    12 |    45 |       |       |       |       ||    57
       Chain mail        |       |   111 |    51 |       |       |       ||   162
       Plate armour      |       |       |   213 |   271 |   405 |   354 ||  1243
Dodge: Dodged            |    65 |   100 |   129 |   105 |   179 |   162 ||   740
Block: Buckler           |       |       |       |    33 |   285 |    94 ||   412
       Kite shield       |       |       |       |       |       |   380 ||   380

Table legend: (Time is in decaauts)
 A = Elapsed time spent in this place.
 B = Non-inter-level travel time spent in this place.
 C = Inter-level travel time spent in this place.
 D = Time resting spent in this place.
 E = Time spent auto-exploring this place.
 F = Levels seen in this place.
 G = Mean time per level.
                   A        B        C        D        E       F      G
               +--------+--------+--------+--------+--------+-----+--------+
         Total |  38386 |  37230 |   1156 |   9747 |  14918 |  32 | 1199.6 |
       Dungeon |  20896 |  19979 |    917 |   5335 |   8399 |  15 | 1393.1 |
          Lair |   5899 |   5798 |    101 |    796 |   3224 |   6 |  983.2 |
         Swamp |   2674 |   2648 |     26 |    769 |    885 |   4 |  668.5 |
     Snake Pit |   6950 |   6838 |    112 |   2447 |   2051 |   4 | 1737.5 |
  Orcish Mines |   1503 |   1503 |      0 |    300 |    341 |   2 |  751.5 |
      Gauntlet |    462 |    462 |      0 |    100 |     18 |   1 |  462.0 |
               +--------+--------+--------+--------+--------+-----+--------+

Top non-repeatable levels by time:
     D:7: 2326 daAuts
 Snake:4: 2193 daAuts
 Snake:2: 2021 daAuts
     D:8: 1775 daAuts
     D:6: 1674 daAuts
     D:9: 1672 daAuts
     D:1: 1642 daAuts
 Snake:1: 1618 daAuts
    D:12: 1534 daAuts
    D:15: 1503 daAuts
    D:13: 1407 daAuts
   Orc:2: 1223 daAuts
     D:4: 1181 daAuts
    D:11: 1174 daAuts
  Lair:2: 1151 daAuts
